[Event "Titled Tuesday Blitz March 28 Early 2023"]
[White "Kuchava, Ana"]
[Black "Vedder, Richard"]
[WhiteFideId "13605348"]
[BlackFideId "1004166"]
[WhiteElo "2001"]
[BlackElo "2168"]
[Result "0-1"]
[Round "05"]
[TimeControl "180+2"]
[Date "2023.03.28"]
[WhiteClock "0:00:28"]
[BlackClock "0:01:19"]

1. d4 d5 2. Nf3 Nf6 3. c4 dxc4 4. e3 e6 5. Bxc4 c5 6. O-O Nc6 7. Nc3 cxd4 8. exd4 Be7 9. Bg5 O-O 10. Qd3 Na5 11. Bb5 b6 12. Rad1 Bb7 13. Ba4 Nd5 14. Bd2 Rc8 15. Bc2 f5 16. a3 Bf6 17. Rfe1 Qd7 18. Ba4 Qf7 19. Ne5 Bxe5 20. Rxe5 Nc4 21. Re2 Nxb2 22. Qb5 Nxd1 23. Nxd1 Bc6 24. Qb3 Bxa4 25. Qxa4 f4 26. f3 Qf5 27. Re4 Nf6 28. Rxf4 Qd3 29. Qb4 Rc2 0-1


[Site "https://www.chess.com"]

[Event "Titled Tuesday Blitz March 28 Early 2023"]
[White "Iljin, Timofey"]
[Black "Barria Santos, Jose Guilherme"]
[WhiteFideId "14110180"]
[BlackFideId "1939300"]
[WhiteElo "2397"]
[BlackElo "2301"]
[Result "1-0"]
[Round "05"]
[TimeControl "180+2"]
[Date "2023.03.28"]
[WhiteClock "0:02:00"]
[BlackClock "0:00:10"]

1. e4 c5 2. c3 Nf6 3. e5 Nd5 4. d4 cxd4 5. cxd4 Nc6 6. Nf3 d6 7. Bc4 Nb6 8. Bxf7+ Kxf7 9. e6+ Kxe6 10. Ng5+ Kd7 11. Nf7 Qe8 12. Nxh8 d5 13. O-O Kc7 14. Bf4+ Kd8 15. Nc3 a6 16. Qb3 Nc4 17. Nxd5 N4a5 18. Qb6+ Kd7 19. Qc7+ Ke6 20. Rfe1+ Kxd5 21. Re5+ Kc4 22. b3+ Kb4 23. Qb6+ Kc3 24. Rc1+ Kd3 25. Re3+ Kd2 26. Rec3+ Ke2 27. R1c2+ Kd1 28. Rd2+ Ke1 29. Rc1# 1-0


[Site "https://www.chess.com"]

[Event "Titled Tuesday Blitz March 28 Early 2023"]
[White "Sankalan Shah"]
[Black "Topalov, Aleksandar"]
[WhiteFideId "25600362"]
[BlackFideId "925659"]
[WhiteElo "2118"]
[BlackElo "2151"]
[Result "1-0"]
[Round "05"]
[TimeControl "180+2"]
[Date "2023.03.28"]
[WhiteClock "0:00:12"]
[BlackClock "0:00:08"]

1. d4 Nf6 2. c4 c5 3. d5 d6 4. Nc3 g6 5. e4 Bg7 6. Nf3 O-O 7. Be2 e6 8. Be3 Re8 9. h3 exd5 10. exd5 Nfd7 11. O-O Ne5 12. Nxe5 Bxe5 13. Qd2 a6 14. a4 Nd7 15. Rae1 f5 16. f4 Bg7 17. Kh2 Nf6 18. Bf3 Bd7 19. Bf2 Qa5 20. Qd3 Qb4 21. Bh4 Qxb2 22. Rb1 Qxc3 23. Qxc3 Ng4+ 24. hxg4 Bxc3 25. Rxb7 Bxa4 26. gxf5 gxf5 27. g4 Rab8 28. Rxb8 Rxb8 29. gxf5 Be8 30. Be7 Kf7 31. Bxd6 Rb2+ 32. Kg3 Kf6 33. Rh1 h5 34. Bxh5 Bxh5 35. Rxh5 Bd4 36. Kg4 Rg2+ 37. Kf3 Rf2+ 38. Ke4 Re2+ 39. Kf3 Rf2+ 40. Kg3 Rf1 41. Kg4 Rg1+ 42. Kf3 a5 43. Ke4 Re1+ 44. Kf3 a4 45. Bf8 a3 46. Rh6+ Kxf5 47. Ra6 Re3+ 48. Kg2 Kxf4 49. Bh6+ Ke5 50. Bxe3 Bxe3 51. Rxa3 Kd4 52. Rxe3 Kxe3 53. d6 Kd4 54. d7 Kxc4 55. d8=Q Kb3 56. Qd1+ Kb2 57. Qd3 1-0


[Site "https://www.chess.com"]

[Event "Titled Tuesday Blitz March 28 Early 2023"]
[White "Lopez, Nelson M, Ii"]
[Black "Bongo Akanga Ndjila, Barthelemy"]
[WhiteFideId "2027895"]
[BlackFideId "10609431"]
[WhiteElo "2397"]
[BlackElo "1768"]
[Result "0-1"]
[Round "05"]
[TimeControl "180+2"]
[Date "2023.03.28"]
[WhiteClock "0:00:01"]
[BlackClock "0:00:57"]

1. e4 e6 2. d4 d5 3. Nc3 Nf6 4. Bg5 Be7 5. Bxf6 Bxf6 6. Nf3 O-O 7. Bd3 g6 8. h4 c5 9. dxc5 d4 10. e5 Bg7 11. Ne4 Nc6 12. h5 Nxe5 13. hxg6 fxg6 14. Nxe5 Bxe5 15. Qg4 Qe7 16. O-O-O Bg7 17. Ng5 e5 18. Qg3 h6 19. Ne4 g5 20. Kb1 Be6 21. Rh2 b6 22. Rdh1 bxc5 23. Nd2 c4 24. Nxc4 Rab8 25. b3 Bd5 26. Rxh6 e4 27. Be2 d3 28. cxd3 exd3 29. Bxd3 Be4 30. Bxe4 Qxe4+ 31. Kc1 Qf4+ 32. Qxf4 Rxf4 0-1


[Site "https://www.chess.com"]

[Event "Titled Tuesday Blitz March 28 Early 2023"]
[White "dDobravcan"]
[Black "Ramirez Vido, Robert Yorisan"]
[BlackFideId "3513823"]
[WhiteElo "2147"]
[BlackElo "2388"]
[Result "1-0"]
[Round "05"]
[TimeControl "180+2"]
[Date "2023.03.28"]
[WhiteClock "0:01:04"]
[BlackClock "0:00:11"]

1. e4 d6 2. d4 Nf6 3. Nc3 g6 4. g3 Bg7 5. Bg2 O-O 6. Nge2 e5 7. h3 Nc6 8. Be3 exd4 9. Nxd4 Bd7 10. O-O Re8 11. Re1 a6 12. a4 Rb8 13. a5 Ne5 14. f4 Nc4 15. Bc1 c5 16. Nb3 Nh5 17. Kh2 b5 18. g4 Nxf4 19. Bxf4 Nxb2 20. Qf3 Qf6 21. Nd5 Qd8 22. Bxd6 Nc4 23. Bxb8 Qxb8+ 24. Kh1 Bxa1 25. Rxa1 Qe5 26. Nf6+ Kh8 27. Nxe8 Qxa1+ 28. Nxa1 1-0


[Site "https://www.chess.com"]

[Event "Titled Tuesday Blitz March 28 Early 2023"]
[White "Corredor Castellanos, Camilo"]
[Black "Winkels, Marcel"]
[WhiteFideId "4425871"]
[BlackFideId "1003887"]
[WhiteElo "1994"]
[BlackElo "1900"]
[Result "0-1"]
[Round "05"]
[TimeControl "180+2"]
[Date "2023.03.28"]
[WhiteClock "0:01:33"]
[BlackClock "0:01:24"]

1. e4 c5 2. Nf3 d6 3. d4 cxd4 4. Nxd4 Nf6 5. Nc3 a6 6. h3 e5 7. Nf3 Be7 8. Be3 Be6 9. Ng5 O-O 10. Nxe6 fxe6 11. Bc4 Qd7 12. O-O b5 13. Bb3 Nc6 14. a3 Na5 15. Qe2 Nxb3 16. cxb3 d5 17. f4 exf4 18. Bxf4 d4 19. Rad1 Rad8 20. Be5 Qa7 21. Nxb5 d3+ 22. Qf2 Qxf2+ 23. Rxf2 0-1


[Site "https://www.chess.com"]

[Event "Titled Tuesday Blitz March 28 Early 2023"]
[White "Chan, Kim Yew"]
[Black "Avazkhonov, Alikhon"]
[WhiteFideId "5717981"]
[BlackFideId "14208504"]
[WhiteElo "2206"]
[BlackElo "1739"]
[Result "1-0"]
[Round "05"]
[TimeControl "180+2"]
[Date "2023.03.28"]
[WhiteClock "0:00:07"]
[BlackClock "0:00:01"]

1. c4 e5 2. Nc3 d6 3. Nf3 f5 4. d4 e4 5. Ng5 Be7 6. h4 h6 7. Nh3 Bxh4 8. Nf4 Bf6 9. Ng6 Rh7 10. e3 Be6 11. Be2 Bf7 12. Bh5 Ne7 13. Nxe7 Qxe7 14. Nd5 Qd8 15. Bxf7+ Kxf7 16. Nf4 g6 17. g4 Qd7 18. gxf5 Qxf5 19. Qb3 b6 20. c5+ Ke7 21. cxd6+ cxd6 22. Nd5+ Kd7 23. Qa4+ Kc8 24. Nxb6+ axb6 25. Qxa8 Rf7 26. Bd2 Bxd4 27. O-O-O Bg7 28. Kb1 Rc7 29. Rc1 Qb5 30. Rxc7+ Kxc7 31. Rc1+ Nc6 32. Qa7+ Kd8 33. Qxg7 Qd3+ 34. Rc2 Nb4 35. Bxb4 1-0


[Site "https://www.chess.com"]

[Event "Titled Tuesday Blitz March 28 Early 2023"]
[White "Acikel, Mert"]
[Black "Shkuran, Danylo"]
[WhiteFideId "12956465"]
[BlackFideId "14106248"]
[WhiteElo "2097"]
[BlackElo "2427"]
[Result "1-0"]
[Round "05"]
[TimeControl "180+2"]
[Date "2023.03.28"]
[WhiteClock "0:00:13"]
[BlackClock "0:00:02"]

1. e4 e6 2. d4 d5 3. Nd2 Nf6 4. e5 Nfd7 5. Bd3 c5 6. c3 Nc6 7. Ne2 Qb6 8. Nf3 cxd4 9. cxd4 Bb4+ 10. Bd2 O-O 11. O-O Bxd2 12. Qxd2 h6 13. Rac1 f6 14. exf6 Nxf6 15. Bb1 Bd7 16. h3 Rae8 17. Rfe1 Ne4 18. Qe3 e5 19. Bxe4 dxe4 20. Nxe5 Nxe5 21. dxe5 Qxe3 22. fxe3 Rxe5 23. Rc7 Bc6 24. Nd4 Rf6 25. Rf1 Rxf1+ 26. Kxf1 Rc5 27. Kf2 Rc1 28. Kg3 Ra1 29. Nxc6 bxc6 30. Rxa7 Kh7 31. Kf4 Rg1 32. g3 Rh1 33. h4 Rg1 34. Ra4 Rb1 35. b3 Ra1 36. Kxe4 Kg6 37. Ra6 Rc1 38. a4 Kh5 39. Kf3 Rc3 40. Rb6 g5 41. hxg5 hxg5 42. a5 g4+ 43. Kf4 Rc2 44. a6 Rf2+ 45. Ke4 Rc2 46. a7 Ra2 47. Rb7 Kg5 48. Kd4 Kf6 49. Kc5 Ke5 50. Kxc6 Ke4 51. Kb6 Kf3 52. Rb8 1-0


[Site "https://www.chess.com"]

[Event "Titled Tuesday Blitz March 28 Early 2023"]
[White "Prado, Alexandra"]
[Black "Michalski, Olaf"]
[WhiteFideId "3301346"]
[BlackFideId "1106740"]
[WhiteElo "1759"]
[BlackElo "2173"]
[Result "0-1"]
[Round "05"]
[TimeControl "180+2"]
[Date "2023.03.28"]
[WhiteClock "0:00:02"]
[BlackClock "0:00:17"]

1. e4 c5 2. Nc3 a6 3. a4 g6 4. g3 Bg7 5. Bg2 e6 6. d3 Ne7 7. Be3 Qc7 8. Nf3 O-O 9. O-O d5 10. exd5 exd5 11. Bf4 Qd8 12. Re1 Nbc6 13. Qd2 Nf5 14. Re2 Ncd4 15. Nxd4 Nxd4 16. Ree1 Be6 17. Rac1 b5 18. axb5 axb5 19. Bh6 b4 20. Ne2 Nxe2+ 21. Rxe2 Bxb2 22. Bxf8 Bxc1 23. Qxc1 Qxf8 24. h4 Qg7 25. Qf4 Qc3 26. Qd6 Rc8 0-1


[Site "https://www.chess.com"]

[Event "Titled Tuesday Blitz March 28 Early 2023"]
[White "Reprintsev, Alexander"]
[Black "Benevides Demasi, Joao Otavio"]
[WhiteFideId "14100541"]
[BlackFideId "30916224"]
[WhiteElo "2229"]
[BlackElo "2113"]
[Result "1-0"]
[Round "05"]
[TimeControl "180+2"]
[Date "2023.03.28"]
[WhiteClock "0:00:16"]
[BlackClock "0:00:12"]

1. e4 c5 2. b3 Nc6 3. Bb2 e5 4. f4 d6 5. Qf3 Nf6 6. Bb5 Bd7 7. Ne2 Nd4 8. Nxd4 cxd4 9. Bxd7+ Qxd7 10. c3 dxc3 11. Nxc3 Be7 12. O-O-O O-O 13. d4 exd4 14. Rxd4 Qg4 15. Nd5 Qd7 16. Nxe7+ Qxe7 17. Rhd1 Rac8+ 18. Kb1 Rfd8 19. g4 Re8 20. Re1 Qc7 21. g5 Qc2+ 22. Ka1 Nd7 23. Re2 Qc6 24. Red2 Nc5 25. Rxd6 Qxe4 26. Qc3 Qe1+ 27. Rd1 Qxc3 28. Bxc3 Ne4 29. Be5 Nxd6 30. Rxd6 Rc6 31. Rd7 Rb6 32. Kb2 f6 33. gxf6 gxf6 34. Bd4 Ra6 35. a4 Re2+ 36. Ka3 Rxh2 37. Rxb7 Rh3 38. Bxa7 Rf3 39. Bb8 h5 40. Rb5 h4 41. Rh5 h3 42. Bc7 Rc6 43. Ba5 Ra6 44. Bb4 Rb6 45. a5 Rb5 46. Rxb5 h2 47. Rh5 Rf2 48. Bc5 Rg2 49. a6 Kf7 50. a7 Kg6 51. Rh8 Kg7 52. a8=Q 1-0


[Site "https://www.chess.com"]

[Event "Titled Tuesday Blitz March 28 Early 2023"]
[White "Larina, Maria"]
[Black "Urbina Perez, Juan Antonio"]
[WhiteFideId "24113182"]
[BlackFideId "2217368"]
[WhiteElo "1848"]
[BlackElo "2197"]
[Result "0-1"]
[Round "05"]
[TimeControl "180+2"]
[Date "2023.03.28"]
[WhiteClock "0:00:21"]
[BlackClock "0:00:35"]

1. e4 c5 2. Nc3 Nc6 3. g3 g6 4. Bg2 Bg7 5. d3 e6 6. Be3 b6 7. Qd2 Bb7 8. Nge2 Nd4 9. O-O Ne7 10. Nd1 O-O 11. c3 Nxe2+ 12. Qxe2 d5 13. f4 dxe4 14. dxe4 Qd7 15. Nf2 Rfd8 16. Rfd1 Qc6 17. g4 f5 18. h3 a6 19. Rxd8+ Rxd8 20. Rd1 Rxd1+ 21. Qxd1 Qc7 22. gxf5 gxf5 23. Qb3 Kf7 24. exf5 Nxf5 25. Ng4 Bxg2 26. Kxg2 Qc6+ 27. Kf2 Qd6 28. Qc4 h5 29. Nh2 b5 30. Qe4 Bf6 31. Nf3 Qc7 32. Ne5+ Bxe5 33. fxe5 Qe7 34. Kg2 Kg8 35. Kh2 Qg7 36. Qa8+ Kh7 37. Qe4 Qg3+ 38. Kh1 Qxe3 0-1


[Site "https://www.chess.com"]

[Event "Titled Tuesday Blitz March 28 Early 2023"]
[White "Kiseleva, Arina"]
[Black "Ansh M Shah"]
[WhiteFideId "4164989"]
[BlackFideId "25033379"]
[WhiteElo "1756"]
[BlackElo "2084"]
[Result "1-0"]
[Round "05"]
[TimeControl "180+2"]
[Date "2023.03.28"]
[WhiteClock "0:00:03"]
[BlackClock "0:00:37"]

1. d4 Nf6 2. Nf3 d5 3. e3 c5 4. Bd3 Nc6 5. b3 g6 6. dxc5 Bg7 7. Bb2 Qa5+ 8. Nbd2 Qxc5 9. O-O O-O 10. c4 dxc4 11. Nxc4 Rd8 12. Qe2 Nb4 13. Bb1 Be6 14. Bd4 Bxc4 15. bxc4 Qc7 16. a3 Nc6 17. Bb2 Rac8 18. Ba2 b6 19. c5 bxc5 20. Ng5 e6 21. Rac1 Nd7 22. Bxg7 Kxg7 23. Bxe6 Qe5 24. Nxf7 Qxe6 25. Nxd8 Rxd8 26. Rfd1 Rc8 27. Qb5 Rb8 28. Qa6 Rb6 29. Qc8 Nf8 30. Qc7+ Qf7 31. Qg3 Ne6 32. h4 h5 33. Rc2 Rb7 34. Rcd2 c4 35. Rd6 Rc7 36. Rxe6 c3 37. Red6 Qe7 38. Rxg6+ Kf7 39. Rg5 Nd8 40. Qf4+ Ke8 41. Re5 Ne6 42. Qe4 c2 43. Rc1 Rc6 44. f4 Qxa3 45. Qxc6+ Kf7 46. Rxc2 1-0


[Site "https://www.chess.com"]

[Event "Titled Tuesday Blitz March 28 Early 2023"]
[White "Krzywda, Andrzej"]
[Black "Ramirez, Maria Eugenia"]
[WhiteFideId "1114565"]
[BlackFideId "3301680"]
[WhiteElo "2155"]
[BlackElo "1842"]
[Result "1-0"]
[Round "05"]
[TimeControl "180+2"]
[Date "2023.03.28"]
[WhiteClock "0:00:48"]
[BlackClock "0:00:04"]

1. c4 Nf6 2. Nc3 e6 3. e4 d5 4. e5 d4 5. exf6 dxc3 6. bxc3 Qxf6 7. d4 c5 8. Nf3 Qd8 9. Bd3 Nc6 10. O-O cxd4 11. cxd4 Nxd4 12. Bb2 Nxf3+ 13. Qxf3 Qc7 14. Rfe1 Bd7 15. Qh5 h6 16. Rac1 Qc5 17. Re5 Qc7 18. c5 Bc6 19. Rxe6+ Be7 20. Rce1 O-O-O 21. Rxe7 Qa5 22. Bf5+ Kb8 23. Be5+ Ka8 24. Bc7 Qxc5 25. Bxd8 Rxd8 26. Qxf7 a6 27. Be4 Rb8 28. Bxc6 Qxc6 29. Qxg7 1-0


[Site "https://www.chess.com"]

[Event "Titled Tuesday Blitz March 28 Early 2023"]
[White "Zampronha, Wladimir Camilo"]
[Black "Prohorov, Olexandr"]
[WhiteFideId "2103087"]
[BlackFideId "14105578"]
[WhiteElo "2176"]
[BlackElo "1993"]
[Result "1-0"]
[Round "05"]
[TimeControl "180+2"]
[Date "2023.03.28"]
[WhiteClock "0:00:19"]
[BlackClock "0:00:07"]

1. e4 c5 2. Nf3 e6 3. d4 cxd4 4. Nxd4 Qb6 5. Nb3 Nf6 6. Nc3 Bb4 7. Bd3 d5 8. exd5 Nxd5 9. Bd2 Nxc3 10. bxc3 Be7 11. O-O O-O 12. Re1 Nd7 13. Re3 e5 14. Qh5 g6 15. Qh6 Re8 16. Rae1 Bf8 17. Qh4 Bg7 18. R3e2 a5 19. Nc1 a4 20. Kh1 Nc5 21. f4 Bf6 22. Qf2 Bg4 23. Re3 Rad8 24. fxe5 Bg5 25. Qg3 Bxe3 26. Bxe3 Be6 27. Bd4 Qc7 28. h4 b6 29. h5 Qe7 30. h6 Qf8 31. Qg5 Qe7 32. Qf4 Bd5 33. Ne2 Nxd3 34. cxd3 Bxa2 35. Ng3 Bd5 36. Nh5 gxh5 37. Re3 f5 38. Rg3+ Kh8 39. Rg7 Qxg7 40. hxg7+ Kxg7 41. Qg5+ Kf7 42. Qxf5+ Kg8 43. e6 Rxe6 44. Qg5+ Kf7 45. Qxd8 Re1+ 46. Kh2 Re2 47. Qd7+ Kg6 48. Qd6+ Be6 49. Qg3+ Kf7 50. Qf3+ Ke7 51. Qxe2 a3 52. Qe3 a2 53. Qc1 Kd6 54. Qa1 b5 55. c4 b4 56. Bb2 b3 57. Kg3 Bf5 58. Kh4 Bxd3 59. c5+ Kxc5 60. Kxh5 Kc4 61. g4 Bb1 62. g5 Kd3 63. Kh6 Ke2 64. Kg7 Kd1 65. Kf6 Kc2 66. Bd4 Kd3 67. Be5 Ke4 68. Qb2 Kf3 69. Qd4 Ke2 70. Qf4 Kd3 71. Ba1 Kc2 72. Qe5 Kd3 73. Qb2 Ke4 74. Qxb3 Bc2 75. Qb2 Kd3 76. Qc1 Bd1 77. Qxd1+ Ke4 78. Qc1 Kf3 79. Qb2 Kg4 80. Qxa2 Kh5 81. Qf7+ Kg4 82. Qxh7 Kg3 83. g6 Kg4 84. g7 Kf4 85. Qh4+ Kf3 86. g8=Q Ke2 87. Qg2+ Kd3 88. Qgg3+ Kc2 89. Qhh2+ Kb1 90. Qgg1# 1-0


[Site "https://www.chess.com"]

[Event "Titled Tuesday Blitz March 28 Early 2023"]
[White "Necula, Iulian"]
[Black "Lauridsen, Jesper Morch"]
[WhiteFideId "1232380"]
[BlackFideId "1401890"]
[WhiteElo "1790"]
[BlackElo "2246"]
[Result "0-1"]
[Round "05"]
[TimeControl "180+2"]
[Date "2023.03.28"]
[WhiteClock "0:00:02"]
[BlackClock "0:00:31"]

1. d4 d5 2. Nc3 c6 3. Bf4 g6 4. h4 Bg7 5. h5 Qb6 6. e3 Qxb2 7. Na4 Qa3 8. c4 Qb4+ 9. Ke2 Qxc4+ 10. Kf3 Qb4 11. Rb1 Qa5 12. hxg6 Nf6 13. gxf7+ Kxf7 14. Qb3 Bf5 15. g3 Bxb1 16. Rh4 Be4+ 17. Ke2 Nbd7 18. Nh3 h6 19. Kd1 Nb6 20. Nxb6 Qxb6 21. Qxb6 axb6 22. Be2 Rxa2 0-1


[Site "https://www.chess.com"]

[Event "Titled Tuesday Blitz March 28 Early 2023"]
[White "Baruch, Liam"]
[Black "Sai Krishna G V"]
[WhiteFideId "14322064"]
[BlackFideId "5028280"]
[WhiteElo "2147"]
[BlackElo "2359"]
[Result "0-1"]
[Round "05"]
[TimeControl "180+2"]
[Date "2023.03.28"]
[WhiteClock "0:00:30"]
[BlackClock "0:02:27"]

1. e4 c5 2. Nc3 d6 3. f4 g6 4. Nf3 Bg7 5. Bb5+ Nc6 6. d3 e6 7. O-O Ne7 8. Qe1 O-O 9. Qg3 Nd4 10. Rf2 f5 11. Be3 Qb6 12. Rb1 Nxb5 13. Nxb5 Qxb5 14. Qh4 Nc6 15. g4 fxg4 16. Qxg4 e5 17. Qh4 exf4 18. Bxf4 Nd4 19. Ng5 h6 20. Nh3 Bxh3 0-1


[Site "https://www.chess.com"]

[Event "Titled Tuesday Blitz March 28 Early 2023"]
[White "Ahn, Hongjin"]
[Black "Tagliata"]
[WhiteFideId "13201492"]
[WhiteElo "2182"]
[BlackElo "2192"]
[Result "0-1"]
[Round "05"]
[TimeControl "180+2"]
[Date "2023.03.28"]
[WhiteClock "0:00:47"]
[BlackClock "0:00:51"]

1. e4 c5 2. Nf3 Nc6 3. b3 Nf6 4. Qe2 e5 5. Bb2 d6 6. Nc3 Be7 7. g3 O-O 8. Bg2 Nd4 9. Nxd4 cxd4 10. Nd1 Bg4 11. f3 Bh5 12. O-O d5 13. g4 Bg6 14. Nf2 dxe4 15. fxe4 Rc8 16. d3 Qc7 17. Rac1 Nd7 18. Nh3 a5 19. a4 Nb8 20. Rf2 Nc6 21. Kh1 Nb4 22. Ba3 Rfe8 23. Bxb4 Bxb4 24. Rcf1 Qd7 25. Ng5 Rc7 26. h4 f6 27. h5 fxg5 28. hxg6 hxg6 29. Qf3 Qe6 30. Qh3 Rf8 31. Bf3 Rf4 32. Rh2 Rc8 33. Qh7+ Kf7 34. Rhf2 Rf8 35. Bd1 Qc8 36. Rh2 Rxf1+ 0-1


[Site "https://www.chess.com"]

[Event "Titled Tuesday Blitz March 28 Early 2023"]
[White "Zeynalli, Rashad"]
[Black "Hartikainen, Jarmo"]
[WhiteFideId "13403320"]
[BlackFideId "503134"]
[WhiteElo "2125"]
[BlackElo "2174"]
[Result "1-0"]
[Round "05"]
[TimeControl "180+2"]
[Date "2023.03.28"]
[WhiteClock "0:01:10"]
[BlackClock "0:00:06"]

1. e4 c5 2. Nf3 Nc6 3. d4 cxd4 4. Nxd4 Nf6 5. Nc3 d6 6. Bg5 e6 7. Qd2 a6 8. O-O-O Bd7 9. f4 h6 10. Bh4 g5 11. fxg5 Ng4 12. Be2 Nge5 13. Rhf1 Be7 14. Kb1 hxg5 15. Bg3 Qc7 16. h3 O-O-O 17. Qe3 Kb8 18. Nb3 Rc8 19. Na4 Na5 20. Nb6 Nac4 21. Nxc4 Nxc4 22. Bxc4 Qxc4 23. Qd3 Qxd3 24. Rxd3 Rc6 25. Rxf7 Re8 26. Rxe7 Rxe7 27. Bxd6+ Kc8 28. Bxe7 g4 29. hxg4 e5 30. g5 Re6 31. Bf6 Re8 32. Nc5 Bg4 33. g6 Rg8 34. g7 b5 35. Rd8+ Rxd8 36. Bxd8 Be6 37. g8=Q Bxg8 38. Bf6 Bf7 39. Bxe5 Bg6 40. g4 a5 41. g5 Kd8 42. b3 Ke8 43. c4 Ke7 44. cxb5 Be8 45. b6 Bc6 46. g6 a4 47. g7 axb3 48. axb3 Bxe4+ 49. Nxe4 Kf7 50. b7 Ke7 51. b8=Q Kd7 52. Qd6+ Kc8 53. g8=Q+ Kb7 54. Qgb8# 1-0


[Site "https://www.chess.com"]

[Event "Titled Tuesday Blitz March 28 Early 2023"]
[White "Li, Eric"]
[Black "Yedidia, Daniel"]
[WhiteFideId "30939941"]
[BlackFideId "30905907"]
[WhiteElo "2262"]
[BlackElo "2527"]
[Result "0-1"]
[Round "05"]
[TimeControl "180+2"]
[Date "2023.03.28"]
[WhiteClock "0:02:09"]
[BlackClock "0:01:02"]

1. d4 Nf6 2. c4 e6 3. g3 c5 4. Nf3 cxd4 5. Nxd4 Nc6 6. Bg2 Qb6 7. Nb3 d6 8. O-O Be7 9. Nc3 O-O 10. a3 Bd7 11. Be3 Qd8 12. Nb5 Ne8 13. Qd2 a6 14. N5d4 Rc8 15. Rac1 Nf6 16. Rfd1 Ng4 17. Nxc6 Bxc6 18. h3 Nxe3 19. Qxe3 Qc7 20. Nd4 Bd7 21. Rd2 Rfd8 22. f4 Qb6 0-1


[Site "https://www.chess.com"]

[Event "Titled Tuesday Blitz March 28 Early 2023"]
[White "Sanchez, Robert"]
[Black "Ljukin, Sergei"]
[WhiteFideId "2034360"]
[BlackFideId "14102200"]
[WhiteElo "2138"]
[BlackElo "2312"]
[Result "0-1"]
[Round "05"]
[TimeControl "180+2"]
[Date "2023.03.28"]
[WhiteClock "0:02:23"]
[BlackClock "0:00:19"]

1. e4 e6 2. d4 d5 3. Nc3 Bb4 4. e5 c5 5. Bd2 Ne7 6. Nf3 O-O 7. dxc5 Bxc5 8. Bd3 Nbc6 9. Bxh7+ Kxh7 10. Ng5+ Kg6 11. h4 Qb6 12. h5+ Kh6 13. Nxe6+ Kh7 14. Nxf8+ Kg8 15. h6 Bxf2+ 16. Kf1 Nf5 17. Qh5 Ng3# 0-1


[Site "https://www.chess.com"]

[Event "Titled Tuesday Blitz March 28 Early 2023"]
[White "Fathy, Elameir"]
[Black "Tarnowska, Aleksandra"]
[WhiteFideId "10600396"]
[BlackFideId "1180967"]
[WhiteElo "2311"]
[BlackElo "1776"]
[Result "1-0"]
[Round "05"]
[TimeControl "180+2"]
[Date "2023.03.28"]
[WhiteClock "0:00:48"]
[BlackClock "0:00:01"]

1. d4 d5 2. c4 e6 3. Nf3 Nf6 4. g3 Bb4+ 5. Nbd2 Be7 6. Bg2 O-O 7. O-O c5 8. cxd5 Nxd5 9. dxc5 Bxc5 10. Nc4 Nc6 11. a3 Nb6 12. Qc2 Nxc4 13. Qxc4 Qe7 14. Rd1 h6 15. b4 Bb6 16. Bb2 e5 17. Bc3 Bf5 18. b5 Na5 19. Qa4 e4 20. Nh4 Bh7 21. Bxa5 Bc5 22. Bf1 g5 23. Ng2 e3 24. f3 h5 25. Rac1 b6 26. Bb4 Rac8 27. Bxc5 bxc5 28. Qc4 1-0


[Site "https://www.chess.com"]

[Event "Titled Tuesday Blitz March 28 Early 2023"]
[White "Chemin, Justo Reinaldo"]
[Black "Novikova, Galina"]
[WhiteFideId "2101580"]
[BlackFideId "4157095"]
[WhiteElo "1940"]
[BlackElo "1953"]
[Result "1-0"]
[Round "05"]
[TimeControl "180+2"]
[Date "2023.03.28"]
[WhiteClock "0:01:07"]
[BlackClock "0:01:11"]

1. e4 e6 2. d4 d5 3. exd5 exd5 4. Nf3 Nc6 5. c4 Bg4 6. cxd5 Qxd5 7. Nc3 Bb4 8. Be2 O-O-O 9. Be3 f6 10. O-O Qd7 11. a3 Bd6 12. b4 Kb8 13. Nb5 g5 14. d5 Ne5 15. Bxa7+ Ka8 16. Qa4 Qf5 17. Bc5+ Kb8 18. Qa7+ Kc8 19. Bxd6 cxd6 20. Rac1+ Kd7 21. Qxb7+ Ke8 22. Nxe5 fxe5 23. Bxg4 Qxg4 24. Qg7 Qd7 25. Nc7+ 1-0


[Site "https://www.chess.com"]

[Event "Titled Tuesday Blitz March 28 Early 2023"]
[White "Kriti Mayur Patel"]
[Black "Coelho, Ramyres Santana"]
[WhiteFideId "35061780"]
[BlackFideId "2120690"]
[WhiteElo "1306"]
[BlackElo "1888"]
[Result "1-0"]
[Round "05"]
[TimeControl "180+2"]
[Date "2023.03.28"]
[WhiteClock "0:00:38"]
[BlackClock "0:00:23"]

1. e4 c5 2. d4 cxd4 3. c3 d3 4. Bxd3 Nc6 5. c4 d6 6. Nf3 Nf6 7. Nc3 e5 8. h3 Be6 9. O-O Be7 10. Be3 O-O 11. Qe2 a6 12. Rfd1 Qc7 13. Rac1 Nd7 14. Nd5 Qd8 15. a3 Bxd5 16. cxd5 Ncb8 17. b4 Nf6 18. Nd2 Nbd7 19. Nc4 b5 20. Na5 Rc8 21. Nc6 Qe8 22. a4 Nb8 23. axb5 axb5 24. Bxb5 Nxc6 25. Bxc6 Qd8 26. b5 Nd7 27. Ra1 Nb8 28. Ra7 Nxc6 29. dxc6 f5 30. Qc4+ Kh8 31. b6 f4 32. b7 fxe3 33. bxc8=Q exf2+ 34. Kh2 Qxc8 35. Rxe7 Qd8 36. Rf7 Rg8 37. c7 Qc8 38. Rxf2 g6 39. Rxd6 Rg7 40. Rd8+ 1-0


[Site "https://www.chess.com"]

[Event "Titled Tuesday Blitz March 28 Early 2023"]
[White "dorpato"]
[Black "Georg, Heinz"]
[BlackFideId "4607295"]
[WhiteElo "2034"]
[BlackElo "2233"]
[Result "0-1"]
[Round "05"]
[TimeControl "180+2"]
[Date "2023.03.28"]
[WhiteClock "0:00:04"]
[BlackClock "0:02:02"]

1. d4 f5 2. g3 Nf6 3. Bg2 g6 4. c4 Bg7 5. Nc3 O-O 6. Nf3 d6 7. O-O Qe8 8. Bf4 c6 9. Qc2 Nh5 10. Bd2 e5 11. dxe5 dxe5 12. e4 f4 13. Ne2 fxg3 14. hxg3 Bg4 15. Qb3 Nd7 16. Rfe1 Nc5 17. Qe3 Ne6 18. Nh2 Bxe2 19. Qxe2 Nd4 20. Qd1 Rd8 21. Qc1 Qf7 22. f3 Nxg3 23. Qc2 Nxc2 0-1


[Site "https://www.chess.com"]

[Event "Titled Tuesday Blitz March 28 Early 2023"]
[White "Aanna12"]
[Black "Maranhao,Jose Renato Ruiz"]
[BlackFideId "2135175"]
[WhiteElo "2217"]
[BlackElo "1970"]
[Result "0-1"]
[Round "05"]
[TimeControl "180+2"]
[Date "2023.03.28"]
[WhiteClock "0:01:07"]
[BlackClock "0:00:20"]

1. e4 c5 2. Nf3 Nc6 3. d3 d5 4. Nbd2 Bg4 5. c3 e6 6. g3 Nf6 7. Bg2 dxe4 8. dxe4 Be7 9. O-O O-O 10. Qc2 b5 11. h3 Bh5 12. Re1 c4 13. b3 Na5 14. b4 Nc6 15. a4 a6 16. Nf1 Qc7 17. Bf4 e5 18. Bg5 h6 19. Bxf6 Bxf6 20. Ne3 Ne7 21. Red1 Bg6 22. Nd5 Nxd5 23. Rxd5 Qc6 24. Nd2 Qxd5 25. exd5 Bxc2 26. d6 Bxa4 0-1


[Site "https://www.chess.com"]

[Event "Titled Tuesday Blitz March 28 Early 2023"]
[White "Sabar, Ethmane Daouda"]
[Black "Better_Chess_Faster"]
[WhiteFideId "19600097"]
[WhiteElo "1950"]
[BlackElo "1981"]
[Result "1-0"]
[Round "05"]
[TimeControl "180+2"]
[Date "2023.03.28"]
[WhiteClock "0:00:03"]
[BlackClock "0:00:35"]

1. d4 f5 2. e4 fxe4 3. Nc3 Nf6 4. Bg5 Nc6 5. d5 Ne5 6. Bxf6 exf6 7. Nxe4 f5 8. Ng3 Bc5 9. Be2 O-O 10. Qd2 d6 11. Nh3 b5 12. O-O Bd7 13. b3 Qh4 14. Nf4 Ng4 15. Bxg4 fxg4 16. Ne6 Rf6 17. Nxc5 Rh6 18. Rfe1 Qxh2+ 19. Kf1 dxc5 20. Qf4 Rf8 21. Qxc7 Qxg3 22. Qxg3 Rhf6 23. Re2 c4 24. Rae1 h5 25. Qc7 Bf5 26. Re7 Rg6 27. d6 g3 28. f3 h4 29. bxc4 h3 30. Kg1 hxg2 31. d7 Rh6 32. d8=Q Rh1+ 33. Kxg2 Rh2+ 34. Kxg3 Rh3+ 35. Kf4 Rh4+ 36. Ke5 Rxd8 37. Qxd8+ Kh7 38. Rxg7+ Kxg7 39. Rg1+ Kh6 40. Qxh4# 1-0


[Site "https://www.chess.com"]